AoeStats
← manu691

Black Forest

503219573Analyzed
3v3 RM · 1mo ago on Aug 30, 2026· 59m 22s· 6 players
Game mode
Random Map
Map size
Normal (6 player)
Population
200
Speed
Normal
Resources
Standard
Victory
Conquest
Starting age
Dark Age
Ending age
Imperial Age
RankedLock teamsTeams togetherTeam positionsShared explorationLock speedFull tech treeHidden civsTurbo modeCheats
Victory
Defeat
🇮🇹 Huns · Italy
997
+13
🇮🇹 Jurchens · Italy
935
+15
🇮🇹 Teutons · Italy
934
+15
🇵🇪 Britons · Peru
938
-15
🇬🇧 Khmer · United Kingdom
937
-15
🇧🇪 Mongols · Belgium
885
-13
mpowerltdukhiphop
10:23 Feudal Age
10:49 Double-Bit Axe
14:53 Loom
17:18 Castle Age
16:44 Wheelbarrow
15:57 Horse Collar
17:30 Stone Mining
18:38 Bow Saw
20:43 Hand Cart
20:26 Loom
20:26 Town Watch
24:40 Heavy Plow
32:33 Imperial Age
30:10 Pikeman
30:47 Fletching
31:08 Forging
30:59 Scale Mail Armor
31:00 Padded Archer Armor
32:16 Town Patrol
31:43 Light Cavalry
32:34 Bloodlines
32:25 Husbandry
31:53 Elite Skirmisher
32:58 Halberdier
34:03 Double Crossbow
34:46 Crop Rotation
35:04 Masonry
35:56 Chemistry
35:00 Bodkin Arrow
36:08 Iron Casting
35:56 Chain Mail Armor
35:47 Scale Barding Armor
37:20 Hoardings
37:38 Architecture
36:43 Heavy Scorpion
38:50 Blast Furnace
37:51 Bracer
40:21 Ballistics
39:58 Murder Holes
42:48 Hussar
44:00 Chain Barding Armor
44:00 Leather Archer Armor
43:36 Arson
48:28 Plate Barding Armor
48:25 Ring Archer Armor
48:57 Fortified Wall
48:36 Elite Ballista Elephant
GrabtharHam3598
0:36 Loom
12:06 Feudal Age
16:32 Gold Mining
19:10 Castle Age
16:56 Horse Collar
17:39 Double-Bit Axe
17:53 Stone Mining
19:09 Fletching
20:55 Wheelbarrow
21:04 Heavy Plow
28:30 Hand Cart
30:40 Bow Saw
35:33 Imperial Age
32:51 Town Watch
35:05 Gold Shaft Mining
34:43 Forging
34:29 Bodkin Arrow
34:36 Padded Archer Armor
35:02 Ballistics
35:20 Scale Barding Armor
35:16 Murder Holes
35:37 Fortified Wall
36:00 Murder Holes
36:17 Masonry
36:47 Iron Casting
37:38 Chemistry
37:04 Drill
37:11 Bloodlines
37:02 Husbandry
37:34 Bracer
37:51 Leather Archer Armor
37:47 Caravan
38:45 Coinage
39:19 Onager
41:01 Thumb Ring
41:41 Parthian Tactics
42:00 Hoardings
41:47 Conscription
43:45 Blast Furnace
43:06 Chain Barding Armor
42:27 Light Cavalry
44:54 Elite Mangudai
46:29 Banking
46:26 Hussar
52:00 Siege Onager
Vanadis
0:40 Loom
12:10 Feudal Age
21:21 Castle Age
19:09 Horse Collar
19:14 Double-Bit Axe
19:22 Gold Mining
19:29 Stone Mining
22:37 Bow Saw
23:02 Gold Shaft Mining
22:17 Fishing Lines
23:10 Gillnets
25:33 Wheelbarrow
26:29 Hand Cart
34:00 Imperial Age
31:16 Town Watch
31:41 Fletching
31:51 Padded Archer Armor
32:03 Forging
31:58 Scale Barding Armor
32:17 Bodkin Arrow
32:34 Forging
32:29 Scale Barding Armor
33:02 Fortified Wall
33:14 Ballistics
33:05 Masonry
32:36 Treadmill Crane
33:55 Caravan
34:41 Leather Archer Armor
35:05 Iron Casting
34:53 Chain Barding Armor
35:43 Elite Longbowman
37:36 Two-Man Saw
36:43 Heavy Plow
36:48 Bracer
37:19 Ring Archer Armor
37:54 Blast Furnace
37:30 Plate Barding Armor
37:10 Caravan
38:14 Yeomen
38:24 Town Patrol
38:32 Warwolf
40:23 Chemistry
42:21 Siege Engineers
44:21 Pikeman
45:01 Squires
44:47 Arson
45:08 Halberdier
45:52 Scale Mail Armor
47:11 Conscription
47:28 Hoardings
47:43 Chain Mail Armor
48:53 Plate Mail Armor
mattiasso
12:42 Feudal Age
14:18 Double-Bit Axe
17:06 Castle Age
15:12 Fishing Lines
18:00 Bow Saw
19:17 Loom
19:51 Gillnets
19:21 Demolition Ship
21:51 Horse Collar
28:09 Imperial Age
28:20 Imperial Age
26:11 Masonry
28:47 Wheelbarrow
29:15 Fletching
29:31 Scale Barding Armor
29:29 Padded Archer Armor
29:45 Hand Cart
30:11 Town Watch
31:33 Ballistics
32:13 Chemistry
31:22 Thumb Ring
31:58 Town Patrol
33:19 Two-Man Saw
32:37 Gold Mining
32:37 Stone Mining
33:16 Parthian Tactics
33:01 Husbandry
33:29 Atheism
33:23 Heavy Cavalry Archer
34:48 Conscription
34:31 Marauders
35:06 Bodkin Arrow
35:26 Leather Archer Armor
35:17 Scale Barding Armor
35:22 Forging
36:36 Coinage
36:17 Guilds
36:07 Caravan
37:51 Chain Barding Armor
37:32 Scale Mail Armor
37:32 Bracer
38:39 Bloodlines
37:50 Light Cavalry
38:07 Elite Tarkan
38:59 Murder Holes
39:15 Careening
39:15 Clinker Construction
39:53 Iron Casting
39:53 Plate Barding Armor
39:52 Banking
42:48 Gold Shaft Mining
44:47 Blast Furnace
44:03 Chain Mail Armor
47:42 Horse Collar
48:25 Capped Ram
50:46 Siege Ram
MrDilo2543
2:34 Loom
12:45 Feudal Age
17:08 Castle Age
16:05 Horse Collar
16:12 Double-Bit Axe
18:12 Bow Saw
20:42 Heavy Plow
22:00 Wheelbarrow
26:32 Hand Cart
28:03 Town Watch
28:58 Town Patrol
29:16 Fortified Bastions
29:23 Fortified Bastions
29:25 Gold Mining
29:25 Stone Mining
30:40 Fortified Wall
34:42 Imperial Age
32:38 Fletching
32:49 Padded Archer Armor
33:44 Gold Shaft Mining
33:46 Stone Shaft Mining
34:52 Caravan
35:22 Coinage
35:34 Bodkin Arrow
35:55 Leather Archer Armor
35:46 Scale Barding Armor
35:52 Forging
35:47 Husbandry
36:35 Ballistics
36:13 Murder Holes
37:30 Scale Mail Armor
37:40 Siege Engineers
37:46 Masonry
37:00 Elite Iron Pagoda
38:00 Conscription
38:29 Crop Rotation
38:52 Thunderclap Bombs
40:34 Chemistry
40:06 Architecture
39:16 Treadmill Crane
39:18 Heavy Rocket Cart
40:49 Hoardings
40:18 Bracer
40:55 Iron Casting
41:50 Bloodlines
41:02 Light Cavalry
42:09 Chain Barding Armor
43:57 Blast Furnace
43:32 Sappers
43:52 Hussar
45:10 Plate Barding Armor
45:06 Ring Archer Armor
45:16 Elite Steppe Lancer
46:44 Banking
46:24 Guilds
47:20 Two-Man Saw
48:33 Pikeman
49:13 Squires
48:59 Gambesons
49:00 Arson
48:37 Elite Fire Lancer
manu691
0:26 Loom
15:26 Feudal Age
18:41 Double-Bit Axe
21:32 Castle Age
19:19 Horse Collar
19:39 Gold Mining
19:40 Stone Mining
24:19 Bow Saw
28:38 Wheelbarrow
27:49 Town Watch
30:06 Heavy Plow
33:12 Imperial Age
34:09 Pikeman
37:18 Onager
38:29 Ballistics
39:32 Conscription
39:53 Siege Onager
40:51 Bloodlines
41:59 Fortified Wall
42:50 Chemistry
43:26 Hand Cart
43:31 Cavalier
46:14 Gambesons
45:59 Paladin
46:53 Scale Barding Armor
47:27 Halberdier
48:26 Elite Skirmisher
49:29 Chain Barding Armor
49:23 Forging
49:46 Caravan
52:16 Two-Man Saw
51:56 Plate Barding Armor
51:22 Scale Mail Armor
51:23 Padded Archer Armor
51:59 Iron Casting
51:15 Fletching
51:29 Man-at-Arms
54:27 Long Swordsman
56:13 Blast Furnace
55:29 Chain Mail Armor
55:31 Leather Archer Armor
Connection lost

Rejoining the realm…

Still unreachable

The connection could not be restored.

Session expired

The server has moved on; the page needs a fresh start.